 Dungeon Crawl Stone Soup version 0.19.1 (webtiles) character file.

67 CanadianGator the Skirmisher (level 3, -1/33 HPs)
             Began as a Minotaur Abyssal Knight on Dec 2, 2016.
             Was a Follower of Lugonu.
             Slain by a white imp (4 damage)
             ... summoned by Natasha
             ... on level 2 of the Dungeon.
             The game lasted 00:02:32 (1192 turns).

CanadianGator the Skirmisher (MiAK)                 Turns: 1192, Time: 00:02:32

Health: -1/33      AC:  4    Str: 16    XL:     3   Next: 98%
Magic:  3/3        EV: 11    Int:  9    God:    Lugonu [*.....]
Gold:   62         SH:  0    Dex: 10    Spells: 0 memorised, 2 levels left

rFire  . . .     SeeInvis +     a - +1 falchion
rCold  . . .     Gourm    .     b - +0 leather armour
rNeg   . . .     Faith    .     (no shield)
rPois  .         Spirit   .     (helmet restricted)
rElec  .         Reflect  .     (no cloak)
rCorr  +         Harm     .     (no gloves)
MR     .....                    g - +0 pair of boots
Stlth  +.........               (no amulet)
                                q - ring of see invisible
                                h - ring of resist corrosion

@: slowed, very slow
A: retaliatory headbutt, horns 2
a: Depart the Abyss, Renounce Religion


You were on level 2 of the Dungeon.
You worshipped Lugonu.
Lugonu was aware of your devotion.
You were not hungry.

You visited 1 branch of the dungeon, and saw 2 of its levels.
You visited the Abyss 1 time.

You collected 62 gold pieces.

Inventory:

Hand Weapons
 a - a +1 falchion (weapon)
Armour
 b - a +0 leather armour (worn)
 g - a +0 pair of boots (worn)
Jewellery
 h - a ring of resist corrosion (left hand)
 q - a ring of see invisible (right hand)
Scrolls
 d - a scroll of immolation {unknown}
 e - 4 scrolls of teleportation {unknown}
 k - a scroll of amnesia {unknown}
 o - a scroll of identify {unknown}
Potions
 j - 2 potions of heal wounds {unknown}
 l - 2 potions of might {unknown}
 m - a potion of invisibility {unknown}
 p - 2 potions of haste {unknown}
Comestibles
 c - 2 bread rations
 f - a royal jelly
 i - a beef jerky
 n - 2 fruits


   Skills:
 + Level 4.2 Fighting
 + Level 3.0 Long Blades
 + Level 3.4 Armour
 + Level 1.8 Dodging
 + Level 2.3 Invocations


You had 2 spell levels left.
You didn't know any spells.

Dungeon Overview and Level Annotations

Branches:
Dungeon (2/15)

Altars:

Annotations:
D:2 Natasha


Innate Abilities, Weirdness & Mutations

You reflexively headbutt those who attack you in melee.
You have a pair of horns on your head.


Message History

You headbutt the white imp.
The white imp is heavily wounded.
Natasha claws you.
You barely miss Natasha. Your headbutt misses Natasha.
Natasha is heavily wounded.
The white imp closely misses you.
Natasha wildly gestures.
Natasha glows brightly for a moment.
Natasha barely misses you. The white imp closely misses you.
You barely miss Natasha.
Natasha is heavily wounded.
Natasha claws you!
* * * LOW HITPOINT WARNING * * *
The white imp hits you but does no damage.
Natasha claws you.
* * * LOW HITPOINT WARNING * * *
You hit Natasha.
Natasha is severely wounded.
The white imp hits you.
You die...

### #.......# ..####
#.#####.#
#....############.#####.####
...........................#
.....###.#######..#####.##.#
....####.## ##..#####.##.#
##.)....#.## #>........##.#
...###.###.####..........#.#
..###.## ##.....@h.......#.#
...###.###.#.###5#.####..#.#
#..# ##.#..)..)))...# #..#.#
#..# #...##.#####.......#.#
...# #....#.# ##.###..#.#
...# ###..##.# #...##..#.#
##.# #....##.. .......#.#
#.# #.##<#### ...###.#.# #.#
#.#...##### #.# ##.#.#


You could see Natasha and a white imp.

Vanquished Creatures
  Natasha (D:2)
  An adder (D:2)
  A dart slug (D:1)
  2 leopard geckos (D:1)
  2 ball pythons
  A giant cockroach (D:1)
  6 goblins
  3 hobgoblins
  A quokka (D:2)
  4 bats
  A frilled lizard (D:1)
  2 kobolds (D:2)
  3 rats
28 creatures vanquished.

Notes
Turn   | Place    | Note
-------+----------+-------------------------------------------
     0 | Abyss:1  | CanadianGator the Minotaur Abyssal Knight began the quest for the Orb.
     0 | Abyss:1  | Reached XP level 1. HP: 19/19 MP: 1/1
    11 | D:1      | Escaped the Abyss
   227 | D:1      | Reached XP level 2. HP: 22/27 MP: 2/2
   335 | D:1      | Reached skill level 4 in Fighting
   845 | D:2      | Reached XP level 3. HP: 31/33 MP: 3/3
   882 | D:2      | Noticed Natasha
   887 | D:2      | Killed Natasha
   894 | D:2      | Reached ** piety under Lugonu
  1180 | D:2      | Noticed Natasha
  1192 | D:2      | Slain by a white imp

Skill      XL: |  1  2  3 |
---------------+----------+-----
Fighting       | 4 |  4.2
Invocations    | 2 |  2.3
Armour         | 3 |  3.4
Long Blades    | 3 |  3.0
Dodging        | |  1.8

Action                   || total
-------------------------++-------
Melee: Falchion          ||    71
       Headbutt          ||     9
  Eat: Chunk             ||     1
Armor: Leather armour    ||    16
Dodge: Dodged            ||    52
       Rpst.: Falchion   ||    13
